Map: 紫晶浪漫-天梯版

Players

wanted

  • Race: Zerg Zerg

cyan - Winner!

  • Race: Protoss Protoss
  • League: Master

Event: DreamHack SC2 Masters 2021 Fall

VOD

Have the link to the VOD?

Description

Time

  • Played on: Aug. 5, 2021, 8:29 a.m.
  • Length: 7:46

All games in this series

Show
View Real Time Build Order
Export as new Build Order

wanted Zerg 

Build Orders: Hatch First 

Get SALT Encoding   

  12  0:00  Drone  
  13  0:08  Drone  
  14  0:17  Overlord  
  14  0:22  Extractor  
  14  0:23  Drone  
  15  0:36  Drone x2  
  17  0:52  Hatchery  
  17  0:55  Drone  
  17  0:57  Drone  
  18  1:10  Extractor  
  17  1:13  Spawning Pool  
  17  1:15  Drone  
  17  1:18  Drone  
  18  1:26  Drone  
  19  1:37  Overlord  
  19  1:48  Drone  
  20  1:59  Queen  
  20  2:00  Zergling x2  
  23  2:03  Queen  
  23  2:04  Zergling x2  
  26  2:11  Metabolic Boost  
  26  2:14  Drone  
  27  2:16  Drone  
  27  2:21  Drone  
  29  2:25  Drone  
  30  2:41  Queen, Hatchery  
  31  2:47  Drone  
  31  2:49  Overlord  
  32  2:53  Overlord  
  32  2:57  Drone  
  33  3:04  Drone x3  
  36  3:13  Queen  
  36  3:17  Queen  
  40  3:22  Drone x2  
  40  3:23  Drone  
  43  3:29  Drone x3  
  46  3:36  Roach Warren  
  46  3:37  Drone  
  46  3:43  Overlord  
  46  3:46  Drone x2  
  48  3:52  Overlord  
  48  3:56  Overlord  
  48  3:57  Queen  
  48  4:01  Drone x2  
  51  4:04  Spore Crawler  
  51  4:07  Spore Crawler  
  51  4:08  Drone  
  50  4:11  Drone x2  
  50  4:16  Zergling x4  
  50  4:17  Zergling x2  
  55  4:21  Drone  
  55  4:22  Drone x2  
  58  4:29  Drone x4  
  62  4:39  Overlord  
  61  4:49  Extractor, Drone x2  
  61  4:51  Extractor  
  61  4:52  Queen x2  
  63  4:56  Zergling x2  
  66  5:01  Spore Crawler  
  64  5:07  Overlord x2  
  64  5:09  Roach x2  
  64  5:13  Roach  
  70  5:17  Roach x2  
  70  5:18  Roach  
  76  5:21  Roach  
  76  5:26  Roach x3  
  84  5:35  Zergling x10, Roach  
  90  5:41  Zergling x8  
  93  5:43  Overlord  
  93  5:47  Ravager x2  
  93  5:49  Ravager  
  96  5:50  Zergling x2  
  97  6:01  Zergling x16  
  105  6:06  Overlord x2  
  105  6:19  Ravager  
  105  6:21  Overlord  
  105  6:24  Queen x2  
  110  6:31  Ravager x3, Zergling x8  
  110  6:32  Zergling x8  
  115  6:37  Ravager  
  112  6:42  Zergling x2  
  112  6:45  Ravager  
  106  6:48  Zergling x6  
  102  6:57  Queen  
  102  7:00  Queen  
  104  7:03  Zergling x6  
  92  7:12  Roach x3  
  82  7:18  Roach x2  
  82  7:20  Hatchery  
  79  7:23  Roach  
Show
View Real Time Build Order
Export as new Build Order

cyan Protoss - Winner!

Build Orders: Oracle Opening 

Get SALT Encoding   

  12  0:00  Probe  
  13  0:12  Probe  
  14  0:20  Pylon  
  14  0:24  Probe  
  15  0:38  Probe (Chrono Boost)  
  16  0:47  Probe (Chrono Boost)  
  17  0:54  Probe  
  18  1:06  Nexus  
  19  1:14  Gateway  
  19  1:16  Probe (Chrono Boost)  
  20  1:26  Assimilator, Probe (Chrono Boost)  
  20  1:31  Probe (Chrono Boost)  
  20  1:32  Assimilator  
  21  1:42  Pylon, Probe  
  22  1:55  Probe  
  23  2:02  Cybernetics Core  
  23  2:05  Zealot  
  23  2:07  Probe  
  26  2:11  Gateway  
  26  2:18  Probe (Chrono Boost)  
  28  2:25  Probe (Chrono Boost)  
  28  2:28  Probe (Chrono Boost)  
  29  2:32  Probe (Chrono Boost)  
  29  2:33  Probe (Chrono Boost)  
  31  2:41  Stargate  
  31  2:43  Probe (Chrono Boost)  
  32  2:45  Stalker  
  32  2:49  Warp Gate  
  32  2:50  Probe (Chrono Boost)  
  35  3:01  Probe (Chrono Boost)  
  35  3:02  Probe (Chrono Boost)  
  35  3:04  Shield Battery  
  36  3:07  Probe (Chrono Boost)  
  36  3:08  Probe (Chrono Boost)  
  38  3:15  Pylon  
  38  3:17  Probe  
  38  3:19  Probe  
  40  3:21  Oracle (Chrono Boost)  
  43  3:29  Probe  
  43  3:31  Probe  
  43  3:33  Pylon, Adept  
  47  3:35  Adept  
  49  3:41  Probe  
  49  3:43  Probe  
  49  3:44  Void Ray (Chrono Boost)  
  51  3:53  Probe  
  51  3:54  Pylon  
  56  4:02  Probe  
  57  4:10  Nexus  
  57  4:11  Probe  
  57  4:14  Pylon  
  57  4:15  Probe  
  59  4:21  Assimilator  
  59  4:25  Robotics Facility  
  59  4:26  Assimilator, Probe  
  59  4:27  Probe  
  61  4:38  Forge, Probe  
  62  4:41  Twilight Council, Probe  
  63  4:50  Probe  
  62  4:53  Probe  
  62  4:54  Adept  
  62  4:55  Shield Battery, Sentry  
  67  5:02  Probe  
  67  5:05  Probe  
  69  5:07  Gateway  
  69  5:09  Gateway  
  69  5:13  Observer  
  70  5:14  Probe  
  70  5:16  Robotics Bay  
  70  5:17  Probe  
  72  5:26  Probe x2  
  72  5:27  Blink (Chrono Boost)  
  74  5:29  Probe  
  74  5:30  Photon Cannon  
  74  5:34  Protoss Ground Weapons Level 1  
  75  5:38  Probe x2  
  75  5:40  Pylon  
  75  5:41  Probe  
  75  5:42  Immortal (Chrono Boost)  
  82  5:50  Probe x2  
  82  5:54  Probe  
  82  5:55  Shield Battery  
  82  5:56  Shield Battery  
  85  5:59  Shield Battery  
  85  6:01  Photon Cannon  
  85  6:03  Photon Cannon  
  85  6:04  Sentry  
  85  6:10  Disruptor (Chrono Boost)  
  87  6:14  Assimilator, Gateway  
  87  6:15  Stalker  
  87  6:17  Assimilator  
  92  6:22  Photon Cannon  
  92  6:24  Shield Battery, Sentry  
  94  6:31  Photon Cannon  
  90  6:33  Shield Battery, Stalker  
  90  6:40  Disruptor (Chrono Boost)  
  90  6:45  Adept x2  
  97  6:48  Shield Battery  
  97  6:49  Photon Cannon  
  97  6:52  Stalker  
  97  6:56  Probe  
  97  7:00  Gateway, Stalker  
  98  7:02  Gateway  
  98  7:05  Gateway  
  94  7:08  Disruptor (Chrono Boost)  
  94  7:11  Zealot  
  94  7:13  Pylon  
  94  7:15  Pylon, Stalker  
  91  7:25  Stalker  
  91  7:27  Probe  
  91  7:28  Probe  

Tags
 
Add a new tag
Caveats
  • Supply blocks, unpowered buildings, or Contaminate may cause inaccurate times.
  • Supply counts are checked every 10 seconds.